AoeStats
← Dark Woinic

Migration

507713673Analyzed
1v1 RM · 12d ago on Sep 19, 2026· 38m 59s· 2 players
Game mode
Random Map
Map size
132×132
Population
200
Speed
Normal
Resources
Standard
Victory
Conquest
Starting age
Dark Age
Ending age
Imperial Age
RankedLock teamsTeams togetherTeam positionsShared explorationLock speedFull tech treeHidden civsTurbo modeCheats
Victory
Defeat
🇫🇷 Wu · France
1024
+16
🇹🇼 Saracens · Taiwan
1019
-16
s1005477
10:23 Feudal Age
13:21 Double-Bit Axe
17:14 Castle Age
16:06 Fletching
19:13 Bloodlines
21:03 Stone Mining
29:05 Bow Saw
32:24 Imperial Age
30:10 Husbandry
29:55 Horse Collar
31:19 Gold Mining
31:42 Scale Barding Armor
32:02 Forging
33:12 Heavy Camel Rider
38:34 Gold Shaft Mining
37:51 Pikeman
38:31 Squires
Dark Woinic
9:05 Loom
11:23 Feudal Age
12:23 Double-Bit Axe
16:12 Castle Age
14:44 Fletching
17:14 Medium Warships
17:07 Bodkin Arrow
18:15 Bow Saw
20:44 Pikeman
22:28 Forging
23:01 Scale Mail Armor
31:19 Imperial Age
29:58 Elite Skirmisher
34:03 Bracer
35:35 Halberdier
Connection lost

Rejoining the realm…

Still unreachable

The connection could not be restored.

Session expired

The server has moved on; the page needs a fresh start.